cohdb
Replays
Latest Replays
All Replays
Popular Replays
Top Player Replays
Match Explorer
How It Works
Community
CoH3 Stats
Reddit
Sign in to upload your games and track your stats! →
Sign in with Steam
Match 35284293
Unlisted
Match 35284293
Overview
Messages
Build Orders
End
Construct Section Command Post
Vickers Machine Gun Team
Selects Heavy Armor Battlegroup
Infantry Section
Infantry Section
ML 3-inch Mortar Team
Selects Rigorous Vehicle Training
Construct Field Infirmary
Infantry Section
Construct Platoon Command Post
Humber Armored Car
6-pounder Anti-tank Gun Team
Grenade Package
Selects Crusader AA Medium Tank
Crusader AA Medium Tank
6-pounder Anti-tank Gun Team
Royal Engineer Section
Selects UNKNOWN (2162094)
AI Takeover
dudulekiller
matrix4x4
Imperialist
china天津饭
BigOrange
AirborneDivision
mipi
下着を逆に着る
0
0
Comments
sign in to comment!
No comments posted yet!